 Dungeon Crawl Stone Soup version 0.29.1-4-g47bece8355 (webtiles) character file.

Game seed: 102108369376661471

112 GigaChad the Covered (level 4, 0/40 HPs)
             Began as a Minotaur Fighter on Dec 6, 2022.
             Slain by a gnoll
             ... wielding a +0 club
              (1 damage)
             ... on level 3 of the Dungeon.
             The game lasted 00:02:25 (2779 turns).

GigaChad the Covered (Minotaur Fighter)             Turns: 2779, Time: 00:02:27

Health: 0/40       AC: 12    Str: 22    XL:     4   Next: 63%
Magic:  3/3        EV:  6    Int:  5    God:
Gold:   180        SH:  4    Dex: 10    Spells: 3/3 levels left

rFire   . . .      SeeInvis .   a - +0 war axe
rCold   . . .      Faith    .   c - +0 buckler
rNeg    . . .      Spirit   .   k - +0 plate armour
rPois   .          Reflect  .   (helmet restricted)
rElec   .          Harm     .   (no cloak)
rCorr   .          Rampage  .   (no gloves)
Will    .....                   (no boots)
Stlth   ..........              (no amulet)
HPRegen 0.13/turn               (no ring)
MPRegen 0.08/turn               (no ring)

@: no status effects
A: horns 2, retaliatory headbutt
a: no special abilities


You were on level 3 of the Dungeon.
You visited 1 branch of the dungeon, and saw 3 of its levels.

You collected 180 gold pieces.

Inventory:

Hand Weapons
 a - a +0 war axe (weapon)
Armour
 b - a +0 scale mail
 c - a +0 buckler (worn)
 k - a +0 plate armour (worn)
Scrolls
 e - a scroll of torment {unknown}
 g - a scroll of enchant armour {unknown}
 h - 3 scrolls of identify {unknown}
 j - a scroll of butterflies {unknown}
Potions
 d - a potion of might
 f - 2 potions of haste {unknown}
 i - 2 potions of curing {unknown}
 l - a potion of heal wounds {unknown}
 m - a potion of berserk rage {unknown}
 n - a potion of degeneration {unknown}


   Skills:
 + Level 4.1 Fighting
 + Level 3.8 Axes
 + Level 5.0 Armour
 + Level 0.4 Dodging
 + Level 4.2 Shields


You had 3 spell levels left.
You didn't know any spells.
Your spell library was empty.

Dungeon Overview and Level Annotations

Branches:
Dungeon (3/15)

Altars:

Shops:
D:2 !


Innate Abilities, Weirdness & Mutations

You have a pair of horns on your head.
You reflexively headbutt those who attack you in melee.


Message History

You hit the orc.
The orc is lightly wounded.
The orc priest begins to cast a cantrip, but forgets the words!
The orc barely misses you.
You hit the orc.
You kill the orc!
A gnoll comes into view. It is wielding a +0 club.
The gnoll hits you from afar with a +0 spear!
The gnoll shouts!
You hit the orc priest.
The orc priest is lightly wounded.
The gnoll hits you but does no damage.
The orc priest hits you but does no damage.
The orc priest calls down the wrath of Beogh upon you.
Beogh smites you! The gnoll completely misses you.
You closely miss the orc priest.
The orc priest is lightly wounded.
You barely miss the gnoll. You block the gnoll's attack.
The gnoll hits you from afar with a +0 spear.
The orc priest hits you but does no damage.
You hit the orc priest but do no damage.
You headbutt the orc priest.
The orc priest is lightly wounded.
You hit the gnoll.
The gnoll hits you from afar with a +0 spear.
The gnoll barely misses you.
The orc priest miscasts a cantrip.
You closely miss the orc priest. You headbutt the orc priest!
The orc priest is severely wounded.
You hit the gnoll. x2
The gnoll hits you from afar with a +0 spear.
The orc priest hits you but does no damage.
The gnoll closely misses you. The gnoll hits you but does no damage.
The orc priest mumbles some strange prayers to Beogh against you.
Beogh smites you!
* * * LOW HITPOINT WARNING * * *
The gnoll hits you from afar with a +0 spear.
* * * LOW HITPOINT WARNING * * *
The gnoll hits you with a +0 club.
You die...

###### .... #
#####..# ..#
#...#$.###....
#....go....#
#.@og.....
#.gg......
(.<#......#
#.#.##......#
# #. ......#
#. #####.# #.
. #.


You could see 2 orc priests and 4 gnolls.

Vanquished Creatures
  A hound (D:2)
  2 adders (D:2)
  A worm (D:2)
  2 dart slugs
  2 orcs (D:3)
  2 endoplasms (D:2)
  3 giant cockroaches
  6 goblins
  A hobgoblin (D:1)
  6 jackals
  5 kobolds
  2 quokkas (D:1)
  3 ball pythons
  8 bats
  3 frilled lizards
  5 rats
52 creatures vanquished.

Notes
Turn   | Place    | Note
-------+----------+-------------------------------------------
     0 | D:1      | GigaChad the Minotaur Fighter began the quest for the Orb.
     0 | D:1      | Reached XP level 1. HP: 19/19 MP: 0/0
   276 | D:1      | Reached XP level 2. HP: 20/27 MP: 1/1
   480 | D:1      | Reached skill level 4 in Armour
   589 | D:1      | Reached XP level 3. HP: 25/33 MP: 2/2
  1490 | D:2      | Found Iwovemuo's Distillery.
  2069 | D:2      | Reached XP level 4. HP: 36/40 MP: 3/3
  2774 | D:3      | Reached skill level 5 in Armour
  2779 | D:3      | HP: 1/40 [gnoll/+0 spear (2)]
  2779 | D:3      | Slain by a gnoll

Illustrated notes

Levels and vault maps discovered:
D:1:      dpeg_arrival_long_road, layout_basic, serial_aquarium,
          aquarium_bridge_square [aquarium_subvault_bridge,
          aquarium_subvault_bridge, aquarium_subvault_bridge,
          aquarium_subvault_wall], aquarium_window_corner, aquarium_window_fake,
          aquarium_view_2c, aquarium_view_2e
D:2:      layout_basic, serial_shops, nicolae_shop_hallway_plus,
          kennysheep_generic_room_6
D:3:      layout_loops_cross, gammafunk_temple_overflow_statue

Skill      XL: |  1  2  3  4 |
---------------+-------------+-----
Shields        | 4 |  4.2
Armour         | 4 5 |  5.0
Axes           | 3 |  3.8
Fighting       | 4 |  4.1
Dodging        | |  0.4

Action                   |  1- 3 |  4- 6 || total
-------------------------+-------+-------++-------
Melee: War axe           |   100 |    30 ||   130
       Headbutt          |    14 |     5 ||    19
Armor: Scale mail        |    41 |       ||    41
       Plate armour      |    46 |    32 ||    78
Dodge: Dodged            |    65 |    15 ||    80
Block: Buckler           |    28 |    11 ||    39
